General information
- name: BNet
- type: Ladder team game (AT/RT)
- host: Battle.net
- saver: Llyr
map: Deathknell
- players: 8
- length: 35:24
- speed: Fast
- version: 1.26 W3XP
- replay type: Public
» download(207 KB)
Players
team 1 (winner)

»
A13C (
red | 32 APM | 855 actions | 27:00)
6 Demon Hunter
2 Immolation
3 Evasion
1 Metamorphosis
4 Keeper of the Grove
2 Entangling Roots
2 Thorns Aura
4 Priestess of the Moon
2 Trueshot Aura
2 Searing Arrows
» actions
| Basic commands | 9 | |
| Build / train | 77 | |
| Enter build submenu | 18 | |
| Enter hero's abilities submenu | 14 | |
| Give item / drop item | 1 | |
| Remove unit from queue | 1 | |
| Right click | 375 | |
| Select / deselect | 326 | |
| Use ability | 34 | |
855 total
» units
| Wisp | 17 | |
| Archer | 10 | |
| Hippogryph | 10 | |
| Chimaera | 13 | |
50 total
» upgrades
| Strength of the Wild | 3 | |
| Reinforced Hides | 3 | |
| Corrosive Breath | 1 | |
7 total
» buildings
| Moon Well | 8 | |
| Altar of Elders | 1 | |
| Ancient of War | 1 | |
| Tree of Ages | 1 | |
| Hunter's Hall | 1 | |
| Tree of Eternity | 1 | |
| Tree of Life | 1 | |
| Ancient of Wind | 1 | |
| Chimaera Roost | 3 | |
| Ancient of Wonders | 1 | |
19 total
» build order
00:11 Moon Well
00:12 Altar of Elders
00:54 Ancient of War
01:20 Moon Well
02:01 Moon Well
03:34 Tree of Ages
05:00 Hunter's Hall
05:21 Moon Well
06:07 Tree of Eternity
06:33 Tree of Life
06:46 Ancient of Wind
08:07 Moon Well
09:06 Chimaera Roost
09:21 Chimaera Roost
09:24 Chimaera Roost
11:16 Moon Well
12:05 Moon Well
14:28 Moon Well
15:51 Ancient of Wonders
LordOx (
yellow | 98 APM | 3457 actions | 35:14)
6 Tauren Chieftain
3 Endurance Aura
2 Shockwave
1 War Stomp
» actions
| Assign group hotkey | 176 | |
| Basic commands | 253 | |
| Build / train | 76 | |
| Enter build submenu | 39 | |
| Enter hero's abilities submenu | 7 | |
| Give item / drop item | 16 | |
| Remove unit from queue | 6 | |
| Right click | 1220 | |
| Select / deselect | 514 | |
| Select group hotkey | 988 | |
| Use ability | 162 | |
3457 total
» units
| Peon | 8 | |
| Grunt | 4 | |
| Goblin Shredder | 4 | |
| Goblin Sapper | 6 | |
| Troll Batrider | 7 | |
| Wind Rider | 8 | |
37 total
» upgrades
| Armor | 3 | |
| Pillage | 1 | |
| Ranged Weapons | 3 | |
| Troll Regeneration | 1 | |
| Liquid Fire | 1 | |
| Reinforced Defenses | 1 | |
| Envenomed Spears | 1 | |
11 total
» buildings
| Orc Burrow | 8 | |
| Altar of Storms | 1 | |
| Barracks | 1 | |
| Voodoo Lounge | 1 | |
| Stronghold | 2 | |
| War Mill | 2 | |
| Great Hall | 2 | |
| Watch Tower | 29 | |
| Beastiary | 4 | |
| Fortress | 1 | |
51 total
» build order
00:23 Orc Burrow
00:56 Altar of Storms
00:57 Barracks
01:25 Orc Burrow
02:27 Voodoo Lounge
03:12 Stronghold
03:50 War Mill
04:27 Orc Burrow
05:47 Great Hall
05:53 Watch Tower
05:53 Watch Tower
05:53 Watch Tower
05:57 Watch Tower
06:01 Watch Tower
06:52 Orc Burrow
07:40 Beastiary
07:44 Beastiary
09:55 Beastiary
09:55 Beastiary
09:58 Fortress
10:25 Watch Tower
10:26 Watch Tower
10:26 Watch Tower
12:20 Orc Burrow
12:22 Orc Burrow
12:58 War Mill
16:18 Orc Burrow
16:20 Orc Burrow
19:19 Watch Tower
19:20 Watch Tower
19:21 Watch Tower
19:21 Watch Tower
19:22 Watch Tower
19:23 Watch Tower
19:24 Watch Tower
19:25 Watch Tower
19:26 Watch Tower
19:26 Watch Tower
19:27 Watch Tower
19:29 Watch Tower
19:29 Watch Tower
19:29 Watch Tower
24:19 Watch Tower
24:19 Watch Tower
24:19 Watch Tower
24:20 Watch Tower
24:21 Watch Tower
24:21 Watch Tower
26:32 Great Hall
» items
| Healing Salve | 4 | |
| Scroll of Town Portal | 6 | |
| Potion of Mana | 1 | |
| Orb of Lightning | 1 | |
12 total
hai7777 (
orange | 45 APM | 1588 actions | 35:24)
4 Demon Hunter
2 Immolation
2 Evasion
3 Keeper of the Grove
2 Entangling Roots
1 Thorns Aura
» actions
| Assign group hotkey | 26 | |
| Basic commands | 17 | |
| Build / train | 70 | |
| Enter build submenu | 27 | |
| Enter hero's abilities submenu | 8 | |
| Remove unit from queue | 2 | |
| Right click | 490 | |
| Select / deselect | 413 | |
| Select group hotkey | 490 | |
| Use ability | 45 | |
1588 total
» units
| Wisp | 18 | |
| Huntress | 4 | |
| Goblin Shredder | 1 | |
| Hippogryph | 14 | |
| Chimaera | 5 | |
42 total
» upgrades
| Strength of the Wild | 3 | |
| Reinforced Hides | 3 | |
| Corrosive Breath | 1 | |
| Ultravision | 1 | |
| Well Spring | 1 | |
9 total
» buildings
| Moon Well | 7 | |
| Hunter's Hall | 1 | |
| Altar of Elders | 1 | |
| Ancient Protector | 1 | |
| Ancient of War | 1 | |
| Tree of Ages | 1 | |
| Tree of Life | 3 | |
| Tree of Eternity | 1 | |
| Ancient of Wind | 3 | |
| Chimaera Roost | 4 | |
| Ancient of Wonders | 1 | |
24 total
» build order
00:23 Moon Well
00:40 Hunter's Hall
01:23 Moon Well
01:48 Altar of Elders
02:21 Ancient Protector
02:36 Ancient of War
03:25 Tree of Ages
03:30 Moon Well
05:01 Tree of Life
05:47 Tree of Eternity
07:00 Ancient of Wind
07:03 Ancient of Wind
08:01 Ancient of Wind
08:16 Chimaera Roost
08:19 Chimaera Roost
08:25 Chimaera Roost
08:45 Chimaera Roost
08:51 Moon Well
08:54 Moon Well
08:59 Moon Well
09:51 Moon Well
10:05 Ancient of Wonders
22:17 Tree of Life
25:33 Tree of Life
» items
| Potion of Healing | 2 | |
| Orb of Venom | 2 | |
| Staff of Preservation | 1 | |
5 total
Cptn.Falco (
green | 44 APM | 1211 actions | 27:12)
5 Keeper of the Grove
1 Force of Nature
3 Entangling Roots
1 Thorns Aura
2 Goblin Alchemist
1 Healing Spray
1 Chemical Rage
» actions
| Assign group hotkey | 19 | |
| Basic commands | 5 | |
| Build / train | 61 | |
| ESC pressed | 2 | |
| Enter build submenu | 26 | |
| Enter hero's abilities submenu | 6 | |
| Remove unit from queue | 1 | |
| Right click | 431 | |
| Select / deselect | 360 | |
| Select group hotkey | 220 | |
| Use ability | 80 | |
1211 total
» units
| Wisp | 23 | |
| Huntress | 4 | |
| Druid of the Claw | 7 | |
| Gnoll Overseer | 1 | |
| Mountain Giant | 2 | |
| Dryad | 4 | |
41 total
» upgrades
| Druid of the Claw Training | 2 | |
| Strength of the Wild | 2 | |
| Mark of the Claw | 1 | |
| Reinforced Hides | 2 | |
| Hardened Skin | 1 | |
8 total
» buildings
| Moon Well | 11 | |
| Altar of Elders | 1 | |
| Hunter's Hall | 1 | |
| Ancient of War | 1 | |
| Tree of Ages | 1 | |
| Ancient of Lore | 3 | |
| Tree of Eternity | 1 | |
| Tree of Life | 3 | |
| Ancient of Wonders | 2 | |
| Ancient Protector | 2 | |
26 total
» build order
00:06 Moon Well
00:12 Altar of Elders
01:45 Hunter's Hall
01:49 Ancient of War
01:54 Moon Well
02:54 Tree of Ages
04:03 Moon Well
05:16 Ancient of Lore
05:20 Ancient of Lore
06:23 Tree of Eternity
06:29 Tree of Life
07:37 Moon Well
08:04 Ancient of Wonders
08:55 Moon Well
10:13 Ancient of Lore
13:15 Moon Well
13:19 Moon Well
13:30 Ancient Protector
13:33 Moon Well
14:23 Ancient of Wonders
14:46 Ancient Protector
18:50 Tree of Life
19:19 Moon Well
21:31 Tree of Life
26:28 Moon Well
26:32 Moon Well
team 2 (loser)

»
PoInTLe.SS (
blue | 52 APM | 953 actions | 18:26)
2 Keeper of the Grove
1 Entangling Roots
1 Thorns Aura
1 Priestess of the Moon
1 Trueshot Aura
» actions
| Basic commands | 10 | |
| Build / train | 48 | |
| ESC pressed | 1 | |
| Enter build submenu | 19 | |
| Enter hero's abilities submenu | 4 | |
| Remove unit from queue | 1 | |
| Right click | 515 | |
| Select / deselect | 315 | |
| Use ability | 40 | |
953 total
» units
| Wisp | 14 | |
| Dryad | 7 | |
| Druid of the Talon | 5 | |
| Hippogryph | 4 | |
| Chimaera | 2 | |
32 total
» upgrades
| Strength of the Wild | 2 | |
| Reinforced Hides | 1 | |
| Abolish Magic | 1 | |
| Druid of the Talon Training | 2 | |
| Corrosive Breath | 1 | |
7 total
» buildings
| Altar of Elders | 1 | |
| Moon Well | 9 | |
| Hunter's Hall | 2 | |
| Tree of Ages | 1 | |
| Ancient of Lore | 2 | |
| Ancient of Wind | 2 | |
| Ancient of Wonders | 1 | |
| Tree of Eternity | 1 | |
| Chimaera Roost | 2 | |
21 total
» build order
01:00 Altar of Elders
01:06 Moon Well
01:54 Hunter's Hall
02:39 Hunter's Hall
03:28 Tree of Ages
03:33 Moon Well
03:36 Moon Well
04:38 Moon Well
05:40 Moon Well
05:53 Ancient of Lore
05:57 Ancient of Lore
06:02 Ancient of Wind
07:38 Ancient of Wonders
09:09 Moon Well
11:05 Tree of Eternity
11:09 Ancient of Wind
13:30 Chimaera Roost
13:33 Chimaera Roost
14:03 Moon Well
15:03 Moon Well
16:29 Moon Well
» items
Llyr (
purple | 88 APM | 3123 actions | 35:24)
10 Archmage
3 Summon Water Elemental
3 Brilliance Aura
1 Mass Teleport
3 Blizzard
» actions
| Assign group hotkey | 54 | |
| Basic commands | 113 | |
| Build / train | 244 | |
| ESC pressed | 4 | |
| Enter build submenu | 96 | |
| Enter hero's abilities submenu | 10 | |
| Give item / drop item | 6 | |
| Right click | 1183 | |
| Select / deselect | 537 | |
| Select group hotkey | 615 | |
| Use ability | 261 | |
3123 total
» units
| Peasant | 22 | |
| Footman | 12 | |
| Goblin Shredder | 7 | |
| Dragonhawk Rider | 8 | |
| Gryphon Rider | 2 | |
| Goblin Sapper | 2 | |
53 total
» upgrades
| Masonry | 3 | |
| Defend | 1 | |
| Swords | 3 | |
| Lumber Harvesting | 2 | |
| Backpack | 2 | |
| Armor | 3 | |
| Storm Hammers | 1 | |
| Animal War Training | 1 | |
| Cloud | 1 | |
| Well Spring | 1 | |
18 total
» buildings
| Altar of Kings | 1 | |
| Barracks | 1 | |
| Farm | 11 | |
| Arcane Vault | 1 | |
| Town Hall | 4 | |
| Lumber Mill | 1 | |
| Keep | 2 | |
| Scout Tower | 58 | |
| Arcane Tower | 17 | |
| Guard Tower | 103 | |
| Blacksmith | 1 | |
| Castle | 3 | |
| Gryphon Aviary | 5 | |
208 total
» build order
00:15 Altar of Kings
00:17 Barracks
00:19 Farm
01:14 Farm
01:52 Arcane Vault
01:57 Farm
02:57 Farm
03:31 Town Hall
05:09 Farm
05:13 Lumber Mill
05:27 Keep
05:43 Scout Tower
05:47 Scout Tower
06:03 Scout Tower
06:05 Scout Tower
06:08 Scout Tower
06:16 Arcane Tower
06:27 Guard Tower
06:48 Guard Tower
06:54 Guard Tower
06:54 Guard Tower
07:12 Farm
07:15 Blacksmith
07:23 Scout Tower
07:24 Scout Tower
07:25 Scout Tower
08:15 Guard Tower
08:48 Scout Tower
08:49 Scout Tower
08:54 Town Hall
08:56 Scout Tower
08:58 Scout Tower
09:02 Scout Tower
09:08 Scout Tower
09:13 Scout Tower
09:15 Scout Tower
09:18 Guard Tower
09:18 Guard Tower
09:19 Guard Tower
09:23 Guard Tower
09:27 Arcane Tower
09:27 Arcane Tower
09:38 Castle
09:38 Castle
09:38 Castle
09:46 Guard Tower
09:46 Guard Tower
09:46 Guard Tower
09:46 Guard Tower
09:47 Guard Tower
09:51 Guard Tower
09:52 Guard Tower
09:53 Guard Tower
09:53 Guard Tower
09:57 Scout Tower
10:02 Scout Tower
10:05 Scout Tower
10:24 Guard Tower
10:24 Guard Tower
10:28 Scout Tower
10:29 Scout Tower
10:32 Scout Tower
10:35 Guard Tower
10:38 Gryphon Aviary
10:40 Gryphon Aviary
10:44 Scout Tower
10:57 Guard Tower
10:57 Guard Tower
10:58 Guard Tower
10:58 Guard Tower
10:58 Guard Tower
11:22 Guard Tower
11:22 Guard Tower
11:25 Scout Tower
11:31 Scout Tower
11:36 Scout Tower
11:40 Scout Tower
11:45 Scout Tower
11:47 Scout Tower
11:50 Scout Tower
11:56 Guard Tower
11:57 Guard Tower
12:02 Guard Tower
12:02 Guard Tower
12:05 Guard Tower
12:06 Guard Tower
12:07 Guard Tower
12:07 Guard Tower
12:08 Guard Tower
12:15 Arcane Tower
12:15 Arcane Tower
12:16 Arcane Tower
12:16 Arcane Tower
12:18 Guard Tower
12:18 Guard Tower
12:23 Farm
12:56 Scout Tower
13:26 Scout Tower
13:29 Scout Tower
13:36 Guard Tower
13:38 Scout Tower
13:41 Scout Tower
13:43 Scout Tower
13:46 Scout Tower
13:48 Scout Tower
13:51 Scout Tower
14:00 Scout Tower
14:01 Scout Tower
14:03 Scout Tower
14:04 Scout Tower
14:08 Guard Tower
14:08 Guard Tower
14:13 Gryphon Aviary
14:30 Guard Tower
14:30 Guard Tower
14:31 Guard Tower
14:37 Guard Tower
14:37 Guard Tower
14:38 Guard Tower
14:39 Guard Tower
14:39 Guard Tower
14:40 Guard Tower
15:15 Guard Tower
15:15 Guard Tower
15:54 Gryphon Aviary
16:00 Gryphon Aviary
16:53 Farm
17:34 Farm
19:17 Farm
19:18 Farm
23:22 Town Hall
23:26 Scout Tower
23:27 Scout Tower
23:28 Scout Tower
23:29 Scout Tower
23:56 Guard Tower
23:56 Guard Tower
23:56 Guard Tower
23:57 Guard Tower
23:57 Guard Tower
23:57 Guard Tower
23:58 Guard Tower
23:59 Guard Tower
23:59 Guard Tower
24:00 Scout Tower
24:02 Scout Tower
24:30 Guard Tower
24:31 Guard Tower
24:35 Arcane Tower
24:35 Arcane Tower
24:36 Arcane Tower
28:02 Town Hall
28:08 Scout Tower
28:09 Scout Tower
28:10 Scout Tower
28:47 Arcane Tower
28:47 Arcane Tower
28:47 Guard Tower
28:48 Guard Tower
28:48 Guard Tower
31:43 Scout Tower
31:44 Scout Tower
31:45 Scout Tower
31:46 Scout Tower
31:47 Scout Tower
31:48 Scout Tower
32:19 Guard Tower
32:19 Guard Tower
32:35 Guard Tower
» items
| Scroll of Regeneration | 8 | |
| Potion of Healing | 4 | |
| Orb of Fire | 1 | |
| Staff of Sanctuary | 1 | |
| Scroll of Town Portal | 2 | |
16 total

»
sarahLOL (
pink | 50 APM | 908 actions | 18:14)
3 Demon Hunter
1 Evasion
2 Mana Burn
» actions
| Assign group hotkey | 19 | |
| Basic commands | 11 | |
| Build / train | 45 | |
| Enter build submenu | 17 | |
| Enter hero's abilities submenu | 3 | |
| Right click | 452 | |
| Select / deselect | 220 | |
| Select group hotkey | 111 | |
| Use ability | 30 | |
908 total
» units
| Wisp | 13 | |
| Dryad | 5 | |
| Druid of the Claw | 6 | |
24 total
» upgrades
| Strength of the Wild | 3 | |
| Abolish Magic | 1 | |
| Reinforced Hides | 3 | |
| Druid of the Claw Training | 2 | |
| Ultravision | 1 | |
| Mark of the Claw | 1 | |
11 total
» buildings
| Altar of Elders | 1 | |
| Moon Well | 7 | |
| Tree of Ages | 1 | |
| Hunter's Hall | 1 | |
| Ancient of Lore | 2 | |
| Ancient of Wonders | 1 | |
| Tree of Eternity | 1 | |
| Tree of Life | 1 | |
| Ancient Protector | 1 | |
16 total
» build order
00:09 Altar of Elders
00:14 Moon Well
02:27 Moon Well
02:29 Tree of Ages
02:49 Hunter's Hall
03:22 Moon Well
03:54 Moon Well
04:52 Ancient of Lore
04:54 Ancient of Lore
05:18 Ancient of Wonders
06:26 Tree of Eternity
11:20 Tree of Life
11:34 Moon Well
12:32 Moon Well
13:46 Ancient Protector
16:25 Moon Well
» items
| Orb of Venom | 1 | |
| Scroll of Town Portal | 2 | |
3 total

»
Hammer-of-Loki (
teal | 12 APM | 410 actions | 35:24)
3 Far Seer
1 Feral Spirit
2 Chain Lighting
1 Shadow Hunter
1 Healing Wave
» actions
| Assign group hotkey | 9 | |
| Basic commands | 18 | |
| Build / train | 44 | |
| Enter build submenu | 16 | |
| Enter hero's abilities submenu | 4 | |
| Right click | 127 | |
| Select / deselect | 118 | |
| Select group hotkey | 38 | |
| Use ability | 36 | |
410 total
» units
| Peon | 7 | |
| Grunt | 3 | |
| Troll Headhunter/Berserker | 5 | |
| Ice Troll Trapper | 1 | |
| Ice Troll Berserker | 1 | |
| Gnoll Overseer | 1 | |
18 total
» upgrades
| Pillage | 1 | |
| Armor | 2 | |
| Spiked Barricades | 1 | |
| Melee Weapons | 2 | |
| Ranged Weapons | 2 | |
| Troll Regeneration | 1 | |
| Berserker Strength | 1 | |
10 total
» buildings
| Orc Burrow | 6 | |
| Altar of Storms | 2 | |
| Barracks | 1 | |
| War Mill | 1 | |
| Voodoo Lounge | 1 | |
| Stronghold | 1 | |
| Fortress | 1 | |
| Great Hall | 1 | |
| Watch Tower | 4 | |
18 total
» build order
00:16 Orc Burrow
00:23 Altar of Storms
01:40 Orc Burrow
01:46 Barracks
02:05 War Mill
04:03 Voodoo Lounge
04:21 Orc Burrow
05:14 Stronghold
07:26 Orc Burrow
08:14 Orc Burrow
12:43 Fortress
12:49 Great Hall
13:48 Watch Tower
13:59 Watch Tower
14:26 Watch Tower
15:44 Watch Tower
16:54 Altar of Storms
18:02 Orc Burrow
» items
| Healing Salve | 2 | |
| Lesser Clarity Potion | 2 | |
| Scroll of Town Portal | 2 | |
| Potion of Healing | 1 | |
| Scroll of Speed | 1 | |
8 total
Chat log
(00:39 / All) Llyr: So I finally get to meet the courier who's accomplished so much in so little time. That is why I summoned you here, right?
(00:51 / All) Llyr: I mean, a man nearly kills you, and your response is to track him across the breadth of the Mojave?
(01:01 / All) Llyr: The question is... are you ready to get started?
(01:10 / All) PoInTLe.SS: stfu
(01:18 / All) Cptn.Falco: "
(01:20 / All) Llyr: Vi har kong Loki.
(01:26 / All) Llyr: Know your place, plebeian et catamite.
(01:45 / All) Llyr: I am the Mighty Caesar. Do not speak against your Lord, inferior ones.
(02:06 / All) PoInTLe.SS: UR A 10 YEAR OLD THAT NEEDS TO GROW UP
(02:25 / All) Llyr: Are most 10 year olds trilingual? Du suger catamite et pathice.
(08:14 / All) LordOx: fuck you bitch
(09:53 / Allies) PoInTLe.SS: NOT HELPIGN PURP[LE?
(09:55 / Allies) PoInTLe.SS: OKTK
(09:58 / Allies) PoInTLe.SS: TIME
(10:14 / All) Llyr: blue is backstabbing
(10:22 / All) PoInTLe.SS: PURPLE DOESNT WANT TO HELP
(11:17 / All) PoInTLe.SS: sitting in base afk
(11:29 / All) PoInTLe.SS: kill them purple a noob taking all exposn then nont helping
(11:37 / All) PoInTLe.SS: in fights
(11:42 / All) Llyr: It was 1 hero
(11:48 / All) PoInTLe.SS: kill him he deserives to loose
(12:00 / Allies) Hammer-of-Loki: you are a mine hog purple
(12:06 / Allies) Hammer-of-Loki: and that is dogshit dude
(12:13 / All) PoInTLe.SS: not even using gold
(12:14 / All) Llyr: It was 1 hero, no need to be upset blue and teal
(12:16 / All) PoInTLe.SS: got 3k
(12:22 / All) PoInTLe.SS: and like 157 lumber
(12:26 / All) PoInTLe.SS: what a noob
(12:46 / Allies) Llyr: ty pink
(14:17 / Allies) Hammer-of-Loki: you got shit units purple
(14:25 / Allies) Llyr: staying at 50 food my son
(14:33 / Allies) PoInTLe.SS: what a noob
(14:46 / Allies) Hammer-of-Loki: shit ass foots wont cut it against air you silly fuck
(14:55 / Allies) Llyr: oh I see
(15:11 / Allies) Llyr: loki, do you speak norwegian or are you a fake fire demon?
(15:27 / Allies) Hammer-of-Loki: lose you dogshit cunts
(15:29 / Allies) Llyr:
(15:39 / Allies) Llyr:
(15:47 / Allies) Llyr:
(15:54 / Allies) Hammer-of-Loki: you are are fucking dogshit
(15:59 / Allies) Hammer-of-Loki: no balls .. no talent
(16:01 / Allies) Hammer-of-Loki: just dogshit
(16:04 / Allies) Llyr: lawl
(16:17 / Allies) Hammer-of-Loki: laugh silly fuck
(16:42 / All) Llyr: lost dh to towers
(17:09 / Allies) Hammer-of-Loki: you all suck ass so bad
(17:17 / Allies) Hammer-of-Loki: really pathetic
(17:30 / Allies) Hammer-of-Loki: so bad
(18:03 / Allies) PoInTLe.SS: its ok im reporting purple he wil be banned form lader games
(18:10 / All) Llyr: uh-oh blue reported me!
(18:14 / All) sarahLOL: gg
(18:18 / Allies) PoInTLe.SS: only able to play coustumgames
(18:20 / Allies) Hammer-of-Loki: for what .. being stupid ??
(18:21 / Allies) PoInTLe.SS: soenjoy
(18:47 / Allies) Hammer-of-Loki: you are really dogshit purple
(18:54 / Allies) Llyr: sick burrow
(19:11 / Allies) Hammer-of-Loki: but i will stay to watch them own your dogshit ass
(19:26 / Allies) Hammer-of-Loki: and you are pure and total dogshit
(20:00 / Allies) Hammer-of-Loki: rofl
(20:02 / Allies) Hammer-of-Loki: dogshit
(20:11 / Allies) Hammer-of-Loki: die little cunt boy
(20:12 / Allies) Llyr: I only wanted lvl 7
(20:19 / Allies) Hammer-of-Loki: die like the shit you are
(20:39 / Allies) Hammer-of-Loki: you are a turd with the shit beat out of it .... nothing
(21:18 / Allies) Hammer-of-Loki: die shit boy
(21:44 / Allies) Hammer-of-Loki: rofl
(21:49 / Allies) Hammer-of-Loki: die little shit boy
(22:08 / Allies) Llyr: I held the attack bro
(22:09 / Allies) Llyr: how mad you are
(22:19 / Allies) Hammer-of-Loki: ok super pro
(22:27 / Allies) Hammer-of-Loki: you will win for sure .. lmfao ...
(22:30 / All) Cptn.Falco: wtf
(22:35 / All) Llyr: You all lost
(22:36 / All) Llyr: Leave
(22:38 / All) Llyr: I 1v4ed this
(22:47 / All) Hammer-of-Loki: purple thinks he is a super pro
(22:59 / All) Llyr: He is super mad that I'm winning 1v4
(23:02 / All) Hammer-of-Loki: im staying just to laugh at his silly cunt ass
(23:26 / All) Hammer-of-Loki: he really thinks he will win
(23:38 / All) Llyr: I don't think; I know.
(23:41 / Allies) Hammer-of-Loki: he is gettin more expos
(23:49 / Allies) Llyr: Thanks for telling me!
(23:50 / All) Hammer-of-Loki: he is gettin more expos
(23:58 / All) Cptn.Falco: fuck you yellow
(24:09 / Allies) Hammer-of-Loki: ?
(24:13 / All) Llyr: I win! Leave! Bella ciao, ciao, ciao! Valete! Vi ses
(24:19 / Allies) Llyr: You said it in allied chat bro
(24:24 / Allies) Llyr: are you angry, brother
(24:42 / Allies) Hammer-of-Loki: na i see dogshit like you every day dude... nothing new
(24:50 / Allies) Llyr: I 1v4ed this.
(24:52 / Allies) Llyr: You instead got raped.
(24:58 / Allies) Hammer-of-Loki: yea .. super pro
(25:12 / Allies) Llyr: yea
(25:25 / All) Hammer-of-Loki: the super pro attacks you
(25:31 / All) Llyr: They're already dead bro
(25:39 / All) A13C: yellow you mother fucker
(26:02 / All) Llyr: tp faggot
(26:31 / All) A13C: yellow and purple are team, two morons
(26:50 / All) Llyr: We outsmarted all of you and 2v6ed this
(27:27 / All) Hammer-of-Loki: damn .. you cunts really suck too
(27:36 / All) Hammer-of-Loki: unfucking real
(27:37 / All) Llyr: you are 8-10
(27:38 / All) Llyr: that is terrible
(27:42 / All) Llyr: I 1v4ed this
(27:47 / All) Hammer-of-Loki: burn your cd
(27:54 / All) Llyr: I use digital download bro
(28:06 / All) Hammer-of-Loki: you lost to one shit talkiing little whore
(29:53 / All) Hammer-of-Loki: just give it up you silly asses
(30:05 / All) Hammer-of-Loki: you were beat by one silly ass cunt
(30:08 / All) Llyr: I thought you wanted to watch me lose. Now you want to win?
(30:10 / All) Llyr: Make up your mind!
(30:17 / All) Llyr: I'll make sure you lose anyway
(30:25 / Allies) Hammer-of-Loki: i'll take a free win anyway
(30:37 / Allies) Hammer-of-Loki: fuck you .. only by losing ace
(30:40 / All) Llyr: You'll have to work for it
(30:45 / All) Llyr: Are you familiar with the term Mexican standoff?
(30:45 / Allies) Hammer-of-Loki: na
(30:53 / Allies) Hammer-of-Loki: i give a fuck
(30:58 / All) Llyr: Yellow and I will kill everything
(31:01 / All) Llyr: including our own stuff
(31:06 / All) Llyr: You and orange will be unable to kill anything
(31:08 / All) Llyr: Best Internet wins
(31:11 / All) Llyr: last one to leave
(31:12 / All) Llyr: Sound fair?
(31:25 / Allies) Hammer-of-Loki: i got a big joint of calif. medical weed and a big bottle of burbon
(31:34 / Allies) Hammer-of-Loki: i can hang forever
(31:38 / All) Llyr: Most medical weed comes in pill form
(31:41 / All) Llyr: What disorder do you have?
(31:56 / Allies) Hammer-of-Loki: cunts like you get me depression
(31:59 / All) Llyr: Are you a cripple with multiple schlerosis or motor neurone disease?
(32:01 / Allies) Hammer-of-Loki: give*
(33:21 / All) Llyr: My side almost done
(33:23 / All) Hammer-of-Loki: just get real you silly ass cunts .. he has 4 expos
(33:42 / Allies) Hammer-of-Loki: you
(33:51 / All) Hammer-of-Loki: you have no balls or talent
(33:53 / All) Llyr: Told you that we are killign everything
(33:55 / All) Llyr: including our own stuff
(33:57 / All) Llyr: best internet wins
(34:02 / All) Llyr: You will have to duke it out with orange
(34:53 / All) LordOx: Good luck gentlemen, God be with ye
(34:54 / All) Hammer-of-Loki: now the psycho is killing himself
(35:10 / All) Llyr: Good luck, everyone
(35:14 / All) Llyr: LET IT BEGIN, LET IT BEGIN!